Pulp, lawful female human Valkyrie ---------- .........| -%.......- ---- |-.... -----..---.%. %........%%. ^..-------- . ...| --------- ....--------------- |..|%(..| ..................| |..+...|| |...--.......g&.%.%| |.......---- |...--...%..)@y%%..-- ----.........(| |.......---------%..-- |...||%..|----- -----....| |.| |(.%.--- -----...(|.|..| |.--------.-- |-(%...---- |.....----....---------...........---%%.....+.| |....*| |-.(......%...^--------......%....---- |....-----.....---------- |.%....<..---- |.|..........|.| |.|........| ---------------- ------------ Pulp the Swashbuckler Experience level: 18 Strength: 20 Dexterity: 16 Constitution: 16 Intelligence: 8 Wisdom: 9 Charisma: 12 Health: 0(127) Energy: 60(60) Def: 19 Gold: 109 Moves: 21999 Dungeon seed: gMrHcElmUA3PKD7n Game ID: Pulp_1514341086 Your Inventory: Coins $ - 109 gold pieces Amulets P - an uncursed amulet of reflection (being worn) Weapons a - the blessed rustproof +2 Excalibur (weapon in hand) b - an uncursed +1 dagger J - 5 uncursed +3 daggers (in quiver) Armor e - a blessed +3 small shield (being worn) k - a cursed -5 elven leather helm n - an uncursed burnt +0 elven cloak (being worn) q - an uncursed very burnt +0 pair of jumping boots (being worn) r - an uncursed +0 pair of gauntlets of dexterity (being worn) s - an uncursed +0 elven leather helm y - a blessed rotted +1 elven leather helm (being worn) Y - a blessed +2 dwarvish mithril-coat (being worn) Comestibles o - an uncursed food ration B - an uncursed tripe ration E - an uncursed female lizard corpse Scrolls t - a blessed scroll of light u - a cursed scroll of genocide F - an uncursed scroll of teleportation H - a blessed scroll of teleportation T - an uncursed scroll of amnesia Z - an uncursed scroll of charging Potions z - a cursed potion of gain level Q - a cursed potion of healing W - an uncursed potion of oil Rings c - an uncursed ring of warning g - an uncursed ring of free action m - an uncursed ring of see invisible (on left hand) S - a cursed ring of invisibility U - an uncursed ring of regeneration Wands f - an uncursed wand of striking (0:1) i - an uncursed wand of lightning (0:6) x - a cursed wand of fire (0:1) A - an uncursed wand of digging (0:6) K - an uncursed wand of magic missile (0:6) N - an uncursed wand of create monster (0:0) O - a blessed wand of wishing (0:3) V - an uncursed wand of digging (0:4) X - an uncursed wand of nothing (0:2) Tools d - an uncursed oil lamp (0:890) h - an uncursed magic whistle j - an uncursed bugle l - an uncursed skeleton key p - an uncursed sack v - a blessed magic lamp w - an uncursed magical sack C - a blessed bag of holding G - an uncursed +0 pick-axe L - a blessed +0 unicorn horn M - an uncursed blindfold R - an uncursed wooden flute Contents of the bag of holding: 6652 gold pieces an uncursed +0 pair of leather gloves 6 uncursed C-rations 6 uncursed K-rations an uncursed tin of female yeti meat an uncursed tripe ration an uncursed scroll of blank paper a cursed scroll of blank paper an uncursed scroll of destroy armor an uncursed scroll of earth an uncursed scroll of enchant armor an uncursed scroll of genocide 2 uncursed scrolls of gold detection a blessed scroll of identify an uncursed scroll of identify 3 uncursed scrolls of light an uncursed scroll of magic mapping 5 uncursed scrolls of remove curse a blessed scroll of teleportation 4 uncursed scrolls of teleportation a blessed potion of booze a cursed potion of extra healing a cursed potion of full healing an uncursed potion of gain ability a cursed potion of healing 6 potions of holy water an uncursed potion of levitation a cursed potion of object detection an uncursed potion of oil a cursed potion of paralysis an uncursed potion of sickness a blessed potion of speed a cursed potion of speed a potion of unholy water a cursed ring of aggravate monster a cursed ring of invisibility an uncursed wand of cold (0:4) an uncursed wand of cold (0:0) an uncursed wand of digging (0:7) an uncursed wand of digging (0:6) an uncursed wand of digging (0:4) an uncursed wand of digging (0:0) an uncursed wand of fire (0:1) an uncursed wand of lightning (0:2) an uncursed wand of make invisible (0:8) an uncursed wand of opening (0:1) an uncursed wand of sleep (0:4) an uncursed wand of sleep (0:3) an uncursed +0 unicorn horn Spells and supernatural/magical abilities: Spells marked with '*' are forgotten. Spells marked with '!' are maintained. Spells marked with '#' are aliased with 'castalias'. Name Level Category Fail Memory W - pray for help -- divine ? -- Y - supernatural jump -- ability ? -- Your skills at the end: Fighting Skills wands [Basic] Weapon Skills dagger [Expert] long sword [Expert] Spellcasting Skills Final Attributes: You were fire resistant. You were immune to cold. You were sleep resistant. You were poison resistant. You were level-drain resistant. You saw invisible. You were telepathic. You were stealthy. You could jump. You were protected. You were fast. You had reflection. You last prayed 2450 turns ago. You are dead. Vanquished creatures: Medusa a master lich a storm giant a glass golem 3 purple worms a minotaur a baluchitherium a demilich 5 stone golems a master mind flayer an Olog-hai 2 Nazgul 2 titanotheres 3 trappers a disenchanter 3 vampire lords 2 captains 4 liches a nalfeshnee 2 frost giants an ettin 20 black puddings 4 vampires 14 ghosts 8 lieutenants a ranger 2 mind flayers 5 giant mimics a zruty 3 fire giants 3 ogre kings 4 ice trolls an umber hulk 3 Elvenkings a hezrou a bone devil 8 large mimics a wumpus 3 long worms 2 stalkers 3 air elementals 2 fire elementals an earth elemental 2 hill giants a giant mummy 2 xorns 8 giant zombies 3 elf-lords 7 sergeants 20 wargs 2 winter wolves a hell hound pup 4 small mimics 3 warhorses 2 xans 2 ettin mummies an ogre lord 5 quantum mechanics 5 trolls a sasquatch 4 electric eels 5 gelatinous cubes a pyrolisk a shocking sphere 4 tigers 2 gargoyles a tengu 2 ochre jellies 2 leocrottas 3 stone giants an elf mummy 3 human mummies 5 red nagas a pit viper a python 2 cobras 12 wraiths a carnivorous ape 5 ettin zombies 2 leather golems 2 Grey-elves 39 soldiers 2 incubi 5 chameleons 3 crocodiles 4 giant beetles 3 quivering blobs 4 cockatrices 7 wolves a winter wolf cub a lynx 2 gremlins a spotted jelly 10 leprechauns 2 orc-captains 4 iron piercers 5 giant spiders 3 scorpions 2 ice vortices 2 black lights 8 vampire bats 5 forest centaurs 3 gnome kings 3 orc mummies a dwarf mummy an ogre 2 brown puddings 4 rust monsters 2 owlbears a yeti a gold golem 3 werewolves 7 Green-elves 7 lizards 4 warriors 5 chickatrices 4 dogs 2 dingos 2 housecats 2 jaguars a dwarf lord 3 blue jellies a white unicorn a gray unicorn 2 black unicorns 4 dust vortices 2 ravens 2 plains centaurs 3 gnome mummies 3 snakes 6 water moccasins 9 apes 6 human zombies a rope golem 11 Woodland-elves 9 soldier ants 14 fire ants 7 bugbears 6 imps 3 quasits 2 water nymphs 3 mountain nymphs 4 Mordor orcs an Uruk-hai 4 orc shamans 7 rock piercers 4 rock moles 3 ponies 4 fog clouds 7 yellow lights 2 shriekers 3 violet fungi 6 gnome lords a gnomish wizard 4 kobold mummies 2 golden naga hatchlings a gray ooze a barrow wight 6 elf zombies 3 ghouls a straw golem a jellyfish a baby crocodile 15 giant ants 3 little dogs 12 floating eyes a kitten 5 dwarves a homunculus 3 kobold lords 2 kobold shamans 45 hill orcs 29 rothes 2 rabid rats a centipede 2 giant bats 9 orc zombies 12 dwarf zombies 3 wererats 12 iguanas 37 killer bees 8 coyotes 2 gas spores 3 hobbits 5 manes a large kobold 11 hobgoblins 9 giant rats 11 cave spiders 2 brown molds 3 yellow molds a green mold 26 gnomes 13 garter snakes 8 gnome zombies 13 geckos 2 jackals 2 foxes 3 kobolds 4 goblins 3 sewer rats 10 grid bugs 4 bats 9 lichens 4 kobold zombies 10 newts 951 creatures vanquished. Voluntary challenges: You had been an atheist until turn 3375. You used a wielded weapon 1697 times, starting on turn 4. You read items or engraved 21 times, starting on turn 31. You never genocided any monsters. You never polymorphed an object. You never changed form. You used no wishes. You split 21 puddings, starting on turn 10213. You wrote Elbereth's name 3 times, starting on turn 6554. You never violated your personal moral code. Dungeon overview: The Dungeons of Doom: levels 1 to 27 Level 1 some fountains a long staircase Level 2 a general store, a fountain stairs to The Gnomish Mines Level 3 Level 4 some fountains Level 5 a general store, a fountain Level 6 a jewelry store Level 7 Level 8 a fountain Level 9 some fountains Level 10 an altar to Tyr, a sink stairs to Sokoban Level 11 an altar to Odin Level 12 an altar to Tyr, a vault Level 13 an altar to Loki, a fountain, a sink, a throne Level 14 Level 15 Level 16 a vault portal to The Quest Level 17 an altar to Tyr Level 18 a general store Level 19 a fountain, a vault Level 20 a general store, a vault Level 21 a fountain, a sink Level 22 a fountain, a sink Level 23 some fountains Level 24 Level 25 Level 26 Level 27 a fountain, a throne Gehennom: Level 28 <- You were here stairs to The Dungeons of Doom The Gnomish Mines: levels 3 to 5 Level 3 stairs to The Dungeons of Doom Level 4 Level 5 many shops, a temple to Loki, some fountains, some trees The Quest: Level 1 a fountain portal to The Dungeons of Doom Sokoban: levels 6 to 9 Level 6 Level 7 Level 8 Level 9 stairs to The Dungeons of Doom History has recorded: On T:1 you entered the Dungeons of Doom to retrieve the Amulet of Yendor! On T:161 you reached level 2 of The Dungeons of Doom. On T:293 you advanced to experience level 2. On T:433 you reached level 3 of The Dungeons of Doom. On T:543 you reached level 4 of The Dungeons of Doom. On T:724 you advanced to experience level 3. On T:849 you reached level 5 of The Dungeons of Doom. On T:1157 you advanced to experience level 4. On T:1338 you reached level 6 of The Dungeons of Doom. On T:1663 you reached level 7 of The Dungeons of Doom. On T:1710 you advanced to experience level 5. On T:2048 you reached level 8 of The Dungeons of Doom. On T:2049 you advanced to experience level 6. On T:2638 you reached level 1 of The Gnomish Mines. On T:2898 you reached level 2 of The Gnomish Mines. On T:2969 you reached level 3 of The Gnomish Mines. On T:3107 you advanced to experience level 7. On T:4255 you reached level 9 of The Dungeons of Doom. On T:4509 you reached level 10 of The Dungeons of Doom. On T:4603 you reached level 11 of The Dungeons of Doom. On T:4668 you advanced to experience level 8. On T:5059 you advanced to experience level 9. On T:5077 you reached level 4 of Sokoban. On T:5528 you advanced to experience level 10. On T:5736 you reached level 3 of Sokoban. On T:6295 you reached level 2 of Sokoban. On T:6687 you reached level 1 of Sokoban. On T:8598 you reached level 12 of The Dungeons of Doom. On T:8720 you reached level 13 of The Dungeons of Doom. On T:9262 you reached level 14 of The Dungeons of Doom. On T:9346 you reached level 15 of The Dungeons of Doom. On T:9368 you reached level 18 of The Dungeons of Doom. On T:9420 you advanced to experience level 11. On T:9574 you reached level 17 of The Dungeons of Doom. On T:9709 you reached level 16 of The Dungeons of Doom. On T:10438 you reached level 1 of The Quest. On T:10650 you embarked upon an epic quest. On T:10909 you reached level 19 of The Dungeons of Doom. On T:10952 you advanced to experience level 12. On T:12207 you reached level 20 of The Dungeons of Doom. On T:12610 you reached level 21 of The Dungeons of Doom. On T:13025 you reached level 22 of The Dungeons of Doom. On T:13432 you reached level 23 of The Dungeons of Doom. On T:13576 you advanced to experience level 12. On T:13950 you reached level 24 of The Dungeons of Doom. On T:14226 you advanced to experience level 13. On T:16869 you advanced to experience level 14. On T:16902 you killed Medusa on level 24 of The Dungeons of Doom. On T:16910 you reached level 25 of The Dungeons of Doom. On T:16988 you reached level 26 of The Dungeons of Doom. On T:19862 you advanced to experience level 15. On T:19982 you reached The Castle. On T:20581 you advanced to experience level 16. On T:21300 you reached The Valley of the Dead. On T:21485 you advanced to experience level 17. On T:21946 you advanced to experience level 18. Score breakdown: Gold: 6761 (13028 points) Experience: 18 levels (22969 points) Exploration: 28 levels ( 57.14%) (22500 points) Discoveries: 55 items ( 22.09%) (14099 points) Valuables value: (no points given unless you survive) Artifact value: 4000 (12253 points) Variety of kills: 206 monsters ( 54.21%) (22088 points) Turncount: 21999 turns (-3543 points) Survival: died (score multiplied by 80%) Total score: 82715 Latest messages: The winged gargoyle hits! (2x) The winged gargoyle just misses! You hear a distant zap. The wand hits you! The winged gargoyle hits! (2x) The winged gargoyle bites! There appears to be no shopkeeper here to receive your payment. You begin praying to Tyr. The winged gargoyle hits! (2x) The winged gargoyle bites! The elf-lord zaps a wand of striking! The wand hits you! Valkyrie, all your powers will be lost... The ice devil hits! (2x) The ice devil bites! The ice devil stings! You are coated in frost, but resist the effects. The winged gargoyle hits! (2x) You die... The sack is empty. The magical sack is empty. Final status: Farvel Pulp the Valkyrie, killed by a winged gargoyle, while praying... You died in Gehennom on dungeon level 28 with 82715 points, and 6761 pieces of gold, after 21999 moves. You were level 18 with a maximum of 127 hit points when you died.